 Dungeon Crawl Stone Soup version 0.16.2-12-gd0ad4c3 (webtiles) character file.

22339 Peloso the Blocker (level 12, -5/110 HPs)
             Began as a Minotaur Fighter on Sept 26, 2015.
             Was a High Priest of Okawaru.
             Killed from afar by a frost giant (39 damage)
             ... with a bolt of cold
             ... on level 12 of the Dungeon.
             The game lasted 00:49:13 (11649 turns).

Peloso the Blocker (Minotaur Fighter)              Turns: 11649, Time: 00:49:13

Health: -5/110     AC: 24    Str: 27    XL:     12   Next: 62%
Magic:  7/7        EV: 14    Int:  8    God:    Okawaru [*****.]
Gold:   803        SH: 16    Dex: 13    Spells: 0 memorised, 11 levels left

rFire  + . .     SeeInvis +     m - +2 scimitar (elec)
rCold  . . .     Clarity  .     E - +3 plate armour {rF+}
rNeg   . . .     SustAb   .     c - +0 shield
rPois  .         Gourm    .     J - +2 hat {Int+3}
rElec  .         Spirit   .     (no cloak)
rCorr  .         Warding  .     K - +0 pair of gloves
rMut   .         Stasis   .     (no boots)
MR     .....                    W - amulet of regeneration
Stlth  ..........               D - +4 ring of strength
                                G - ring of see invisible

@: heroism, not resistant to hostile enchantments, extremely unstealthy
A: retaliatory headbutt, horns 2
a: Heroism, Finesse, Renounce Religion


You were on level 12 of the Dungeon.
You worshipped Okawaru.
Okawaru was extremely pleased with you.
You were hungry.

You visited 2 branches of the dungeon, and saw 13 of its levels.

You collected 803 gold pieces.

Inventory:

Hand weapons
 m - a +2 scimitar of electrocution (weapon)
 q - the +0 rapier "Tixzoeb" {flame, rN+ MP+9 Int-3 Dex+6}
   (You found it on level 12 of the Dungeon)

   It has been specially enchanted to burn those struck by it, causing extra
   injury to most foes and up to half again as much damage against particularly
   susceptible opponents.
   It affects your intelligence (-3).
   It affects your dexterity (+6).
   It protects you from negative energy.
   It affects your magic capacity (+9).
 C - a +2 scimitar of flaming
Armour
 c - a +0 shield (worn)
 E - a +3 plate armour of fire resistance (worn)
 J - a +2 hat of intelligence (worn)
 K - a +0 pair of gloves (worn)
Jewellery
 a - an uncursed amulet of warding
 b - an uncursed ring of magical power
 f - an uncursed amulet of stasis
 l - a +3 ring of evasion
 s - an uncursed amulet of resist mutation
 w - an uncursed ring of protection from magic
 B - a +3 ring of intelligence
 D - a +4 ring of strength (right hand)
 G - a ring of see invisible (left hand)
 I - an uncursed amulet of clarity
 S - a cursed -3 ring of evasion
 W - an amulet of regeneration (around neck)
 X - an uncursed ring of sustain abilities
Magical devices
 t - a wand of draining (4)
 Y - a wand of polymorph (14)
Scrolls
 g - a scroll of amnesia
 h - 2 scrolls of recharging
 j - 5 scrolls of fog
 p - 7 scrolls of remove curse
 r - 3 scrolls of enchant armour
 Q - a scroll of magic mapping
 T - 8 scrolls of teleportation
 U - a scroll of brand weapon
Potions
 e - a potion of might
 i - 3 potions of heal wounds
 u - 2 potions of brilliance
 v - 4 potions of curing {unknown}
 x - a potion of cancellation
 z - 3 potions of restore abilities {unknown}
 H - a potion of berserk rage {unknown}
 M - 2 potions of degeneration {unknown}
 N - a potion of haste {unknown}
 R - 2 potions of lignification {unknown}
Books
 y - a book of Envenomations

   Spells                             Type                      Level
   a - Spider Form                    Transmutation/Poison         3
   b - Alistair's Intoxication        Transmutation/Poison         4
   c - Olgreb's Toxic Radiance        Poison                       4
   d - Poisonous Cloud                Conjuration/Poison/Air       6
 F - a book of Air

   Spells                             Type                      Level
   a - Shock                          Conjuration/Air              1
   b - Swiftness                      Charms/Air                   2
   c - Repel Missiles                 Charms/Air                   2
   d - Flight                         Charms/Air                   3
   e - Static Discharge               Conjuration/Air              3
   f - Lightning Bolt                 Conjuration/Air              5
 P - a book of Callings

   Spells                             Type                      Level
   a - Summon Small Mammal            Summoning                    1
   b - Call Imp                       Summoning                    2
   c - Call Canine Familiar           Summoning                    3
   d - Summon Guardian Golem          Hexes/Summoning              4
   e - Summon Lightning Spire         Summoning/Air                4
   f - Summon Ice Beast               Ice/Summoning                4
 Z - a book of Annihilations {highlevel, unknown}

   This book is beyond your current level of understanding.

   Spells                             Type                      Level
   a - Poison Arrow                   Conjuration/Poison           6
   b - Chain Lightning                Conjuration/Air              8
   c - Lehudib's Crystal Spear        Conjuration/Earth            8
   d - Glaciate                       Conjuration/Ice              9
   e - Fire Storm                     Conjuration/Fire             9
Comestibles
 d - 8 bread rations
 k - 7 fruits
 n - 5 chunks of flesh
 o - 6 meat rations
 A - 3 beef jerkies
 V - 7 slices of pizza


   Skills:
 + Level 11.2(16.2) Fighting
 + Level 10.6(15.6) Long Blades
   Level 0.5(10.1) Axes
   Level 8.3(13.3) Maces & Flails
 + Level 11.6(16.6) Armour
 + Level 6.8(11.8) Dodging
 + Level 0.3(5.3) Stealth
 + Level 13.4(18.4) Shields
 + Level 1.1 Invocations


You had 11 spell levels left.
You didn't know any spells.

Dungeon Overview and Level Annotations

Branches:
Dungeon (12/15)            Temple (1/1) D:7            Lair (0/8) D:11
    Orc (0/4) D:10

Altars:
Ashenzari
Cheibriados
Dithmenos
Elyvilon
Fedhas
Gozag
Kikubaaqudgha
Makhleb
Nemelex Xobeh
Okawaru
Qazlal
Ru
Sif Muna
Trog
Vehumet
Xom
Yredelemnul
Zin
The Shining One

Shops:
D:7 *   D:10 }:((


Innate Abilities, Weirdness & Mutations

You reflexively headbutt those who attack you in melee.
You have a pair of horns on your head.


Message History

* * * LOW HITPOINT WARNING * * *
Drink which item? (? for menu, Esc to quit)
You feel much better. The frost giant casts a spell at you.
The bolt of cold hits you!
* * * LOW HITPOINT WARNING * * *
The frost giant gestures at you while chanting.
The bolt of cold misses you.
You hit the frost giant. You headbutt the frost giant.
The frost giant is lightly wounded.
You slash the frost giant!
The frost giant is lightly wounded.
The frost giant gestures at you while chanting.
The bolt of cold misses you.
Unknown command.
You slice the frost giant!!
The frost giant is moderately wounded.
The frost giant gestures at you while chanting.
The bolt of cold hits you!
You die...

. ... #####..
#....# #....#
#M...#
####C...#
#..@#####
#...# ###...#
#..#### ##..#
###.#####
##.......##
#.........##
##..........##


You could see a frost giant and a mummy.

Vanquished Creatures
  A fire giant (D:12)
  Gastronok (D:12)
  Harold (D:11)
  Erica (D:12)
  Erolcha (D:9)
  2 unseen horrors
  2 hill giants
  Pikel (D:7)
  A cyclops (D:11)
  A manticore (D:12)
  A wolf spider (D:12)
  4 ugly things
  Joseph (D:8)
  3 trolls
  A two-headed ogre (D:12)
  A vampire (D:12)
  12 yaks (D:12)
  A shadow (D:12)
  A water elemental (D:12)
  2 hogs (D:9)
  3 wyverns
  2 hungry ghosts
  2 hippogriffs (D:12)
  4 vampire mosquitoes (D:12)
  A human (D:9)
  Edmund (D:9)
  6 orc warriors
  4 ice beasts
  2 wasps (D:11)
  A necrophage (D:6)
  3 phantoms
  8 ogres
  Sigmund (D:2)
  Duvessa (D:9)
  2 big kobolds
  8 centaurs
  7 giant frogs
  Blork the orc (D:7)
  A gnoll sergeant (D:9)
  2 wyvern zombies
  2 scorpions
  8 killer bees
  7 crimson imps
  2 centaur zombies
  Dowan (D:9)
  A goliath beetle (D:9)
  2 gnoll shamans (D:6)
  6 hounds
  A quasit (D:5)
  7 orc priests
  4 jellies
  3 centaur skeletons
  2 giant frog skeletons
  3 iguanas
  11 orc wizards
  4 worker ants
  6 sheep
  A hound zombie (D:11)
  A mummy (D:6)
  A worker ant zombie (D:11)
  Robin (D:2)
  43 gnolls
  16 adders
  4 shadow imps
  3 worms (D:3)
  An adder skeleton (D:4)
  2 giant geckos (D:2)
  67 orcs
  4 ball pythons
  10 giant cockroaches
  22 goblins
  28 hobgoblins
  16 kobolds
  2 oozes
  2 quokkas (D:9)
  13 bats
  A giant gecko zombie (D:8)
  6 giant newts
  20 jackals
  2 quokka skeletons (D:4)
  12 rats
  11 ballistomycetes
458 creatures vanquished.

Vanquished Creatures (others)
  A wraith (D:12)
  A centaur (D:7)
  An orc priest (D:11)
  An orc wizard (D:11)
  A worker ant (D:7)
  A shadow imp (D:7)
  An orc (D:11)
  3 giant spores
  A ballistomycete (D:11)
11 creatures vanquished.

Grand Total: 469 creatures vanquished

Notes
Turn   | Place    | Note
--------------------------------------------------------------
     0 | D:1      | Peloso, the Minotaur Fighter, began the quest for the Orb.
     0 | D:1      | Reached XP level 1. HP: 19/19 MP: 1/1
   157 | D:1      | Reached XP level 2. HP: 22/27 MP: 1/1
   458 | D:1      | Reached skill level 4 in Fighting
   626 | D:1      | Reached XP level 3. HP: 24/33 MP: 2/2
   889 | D:2      | Noticed Sigmund
   901 | D:2      | Killed Sigmund
   901 | D:2      | Reached skill level 1 in Dodging
   901 | D:2      | Reached XP level 4. HP: 15/41 MP: 2/2
  1338 | D:2      | Noticed Robin
  1341 | D:2      | Reached XP level 5. HP: 41/47 MP: 2/2
  1347 | D:2      | Killed Robin
  1841 | D:3      | Reached skill level 5 in Shields
  2342 | D:3      | Reached XP level 6. HP: 48/53 MP: 3/3
  2544 | D:4      | Reached skill level 5 in Armour
  2904 | D:4      | Reached skill level 1 in Maces & Flails
  2971 | D:4      | Reached skill level 5 in Fighting
  3339 | D:4      | Reached XP level 7. HP: 37/61 MP: 3/3
  3759 | D:5      | Entered Level 5 of the Dungeon
  3875 | D:5      | Reached skill level 6 in Armour
  4071 | D:5      | Reached XP level 8. HP: 63/70 MP: 3/3
  4538 | D:6      | Found a sacrificial altar of Ru.
  4584 | D:6      | Found a basalt altar of Yredelemnul.
  4867 | D:6      | Found a deep blue altar of Sif Muna.
  4867 | D:6      | Found a radiant altar of Vehumet.
  4869 | D:6      | Found a sparkling altar of Nemelex Xobeh.
  4873 | D:6      | Found a blossoming altar of Fedhas.
  4967 | D:6      | Reached skill level 5 in Maces & Flails
  4967 | D:6      | Reached skill level 7 in Armour
  5085 | D:6      | Reached skill level 5 in Dodging
  5390 | D:6      | Reached XP level 9. HP: 62/78 MP: 4/4
  5649 | D:6      | Found a burning altar of Makhleb.
  6022 | D:7      | Reached skill level 8 in Shields
  6023 | D:7      | Noticed Blork the orc
  6027 | D:7      | Killed Blork the orc
  6067 | D:7      | Found a staircase to the Ecumenical Temple.
  6403 | D:7      | Found Iguinn's Assorted Antiques.
  6454 | D:7      | Noticed Pikel
  6464 | D:7      | Killed Pikel
  6486 | D:7      | Reached skill level 9 in Shields
  6590 | D:8      | Noticed Joseph
  6617 | D:8      | Killed Joseph
  7025 | D:8      | Found a basalt altar of Yredelemnul.
  7254 | Temple   | Entered the Ecumenical Temple
  7296 | Temple   | Became a worshipper of Warmaster Okawaru
  8297 | D:7      | Reached XP level 10. HP: 79/86 MP: 4/4
  8386 | D:9      | Noticed Erolcha
  8397 | D:9      | Killed Erolcha
  8450 | D:9      | Noticed Duvessa
  8452 | D:9      | Noticed Dowan
  8459 | D:9      | Killed Duvessa
  8466 | D:9      | Killed Dowan
  8466 | D:9      | Acquired Okawaru's first power
  8687 | D:9      | Noticed Edmund
  8707 | D:9      | Killed Edmund
  8804 | D:9      | Reached skill level 10 in Shields
  8991 | D:9      | Reached skill level 5 in Long Blades
  9038 | D:10     | Entered Level 10 of the Dungeon
  9050 | D:10     | Found Mitovvas' Book Shoppe.
  9103 | D:10     | Found Hud Prycu's Antique Weapon Shop.
  9197 | D:10     | Reached skill level 10 in Armour
  9387 | D:10     | Found a staircase to the Orcish Mines.
  9548 | D:10     | Found Gapad Jou's Weapon Boutique.
  9573 | D:10     | Found Tretog's Gadget Emporium.
  9673 | D:10     | Noticed an unseen horror
  9694 | D:10     | Killed an unseen horror
  9694 | D:10     | Reached XP level 11. HP: 88/97 MP: 4/4
 10516 | D:11     | Noticed a hill giant
 10520 | D:11     | Killed a hill giant
 10520 | D:11     | Reached skill level 11 in Shields
 10530 | D:11     | Found a staircase to the Lair.
 10676 | D:11     | Noticed Harold
 10684 | D:11     | Killed Harold
 10685 | D:11     | Paralysed by a wasp for 1 turns
 10689 | D:11     | Reached skill level 10 in Fighting
 10886 | D:11     | Acquired Okawaru's second power
 11144 | D:12     | Got a dazzling rapier
 11145 | D:12     | Identified the +0 rapier "Tixzoeb" {flame, rN+ MP+9 Int-3 Dex+6} (You found it on level 12 of the Dungeon)
 11299 | D:12     | Reached skill level 12 in Shields
 11322 | D:12     | Noticed an unseen horror
 11353 | D:12     | Reached XP level 12. HP: 81/107 MP: 3/6
 11354 | D:12     | Killed an unseen horror
 11372 | D:12     | Noticed a hill giant
 11373 | D:12     | Noticed Erica
 11382 | D:12     | Killed a hill giant
 11382 | D:12     | Reached skill level 1 in Invocations
 11390 | D:12     | Killed Erica
 11390 | D:12     | Received a gift from Okawaru
 11489 | D:12     | Noticed Gastronok
 11508 | D:12     | Killed Gastronok
 11521 | D:12     | Reached skill level 10 in Long Blades
 11590 | D:12     | Reached skill level 13 in Shields
 11605 | D:12     | Noticed a frost giant
 11606 | D:12     | Noticed a fire giant
 11641 | D:12     | Killed a fire giant
 11649 | D:12     | Killed from afar by a frost giant

Action                   |  1- 3 |  4- 6 |  7- 9 | 10-12 || total
-------------------------+-------+-------+-------+-------++-------
Melee: Long sword        |    80 |   140 |       |       ||   220
       Hand axe          |       |    12 |       |       ||    12
       Mace              |       |    75 |   411 |    40 ||   526
       Unarmed           |       |       |    14 |       ||    14
       Great sword       |       |       |       |   164 ||   164
       Scimitar          |       |       |       |   419 ||   419
Invok: Heroism           |       |       |       |     8 ||     8
  Use: Scroll            |       |     1 |     7 |    11 ||    19
       Potion            |       |       |     1 |     1 ||     2
  Eat: Chunk             |       |     7 |    16 |    14 ||    37
       Pizza             |       |       |       |     1 ||     1
       Beef jerky        |       |       |       |     1 ||     1
